 Dungeon Crawl Stone Soup version 0.29-a0-340-g6efceafd81 (webtiles) character file.

Game seed: 14520350353579726518

849 zishaf the Purveyor of Pain (level 8, -4/61 HPs)
             Began as a Human Necromancer on Apr 19, 2022.
             Was an Initiate of Kikubaaqudgha.
             Slain by Menkaure (21 damage)
             ... on level 5 of the Dungeon.
             The game lasted 00:08:50 (6662 turns).

zishaf the Purveyor of Pain (Human Necromancer)     Turns: 6662, Time: 00:08:50

Health: -4/61      AC:  5    Str:  9    XL:     8   Next: 21%
Magic:  12/12      EV: 12    Int: 17    God:    Kikubaaqudgha [......]
Gold:   213        SH:  0    Dex: 14    Spells: 5/13 levels left

rFire   . . .      SeeInvis .   r - +2 short sword (speed)
rCold   . . .      Faith    .   (no shield)
rNeg    . . .      Spirit   .   a - +0 robe
rPois   .          Reflect  .   (no helmet)
rElec   .          Harm     .   d - +1 cloak
rCorr   .          Rampage  .   j - +0 pair of gloves
Will    .....                   (no boots)
Stlth   ++........              (no amulet)
HPRegen 0.20/turn               (no ring)
MPRegen 0.13/turn               (no ring)

@: no status effects
A: no striking features
a: Renounce Religion


You were on level 5 of the Dungeon.
You worshipped Kikubaaqudgha.
Kikubaaqudgha was noncommittal.
You visited 2 branches of the dungeon, and saw 6 of its levels.

You collected 213 gold pieces.

Inventory:

Hand Weapons
 c - a +0 dagger
 r - a +2 short sword of speed (weapon)
Missiles
 o - 6 boomerangs of dispersal
 t - a throwing net
Armour
 a - a +0 robe (worn)
 d - a +1 cloak (worn)
 j - a +0 pair of gloves (worn)
Wands
 v - a wand of iceblast (11)
Scrolls
 f - a scroll of immolation
 h - a scroll of amnesia
 n - a scroll of magic mapping
 q - a scroll of enchant weapon
Potions
 b - a potion of magic
 e - 3 potions of ambrosia
 k - a potion of curing {unknown}
 l - a potion of haste {unknown}
 m - 3 potions of attraction {unknown}
 p - 2 potions of lignification {unknown}
 s - 3 potions of might {unknown}
 u - a potion of berserk rage {unknown}
 w - a potion of invisibility {unknown}


   Skills:
 + Level 4.5 Fighting
 - Level 2.0 Dodging
 - Level 2.0 Stealth
 - Level 3.0 Spellcasting
 * Level 8.0 Necromancy


You had 5 spell levels left.
You knew the following spells:

 Your Spells              Type           Power      Damage    Failure   Level
a - Pain                  Necr           100%       1d9       1%          1
b - Vampiric Draining     Necr           29%        2d8       1%          3
c - Animate Dead          Necr           14%        N/A       6%          4

Your spell library contained the following spells:

 Spells                   Type           Power      Damage    Failure   Level
 Animate Skeleton         Necr           58%        N/A       1%          1
 Agony                    Necr           29%        N/A       19%         5


Dungeon Overview and Level Annotations

Branches:
Dungeon (5/15)             Temple (1/1) D:4

Altars:
Ashenzari
Cheibriados
Dithmenos
Elyvilon
Hepliaklqana
Kikubaaqudgha
Okawaru
Sif Muna
Trog
Uskayaw
Wu Jian
Yredelemnul
Zin

Shops:
D:3 (

Annotations:
D:4 2 transporters, Antichthon's ghost, amateur NaWr
D:5 Menkaure


Message History

Aiming: Pain (safe; 1% risk of failure)
Press: ? - help, Shift-Dir - straight line, f - jelly
Aim: a jelly (chance to affect: 88%)
The jelly writhes in agony.
Casting: Pain (safe; 1% risk of failure)
Confirm with . or Enter, or press ? or * to list all spells.
Aiming: Pain (safe; 1% risk of failure)
Press: ? - help, Shift-Dir - straight line, f/p - jelly
Aim: a jelly (moderately wounded, chance to affect: 88%)
The jelly writhes in agony.
Casting: Pain (safe; 1% risk of failure)
Confirm with . or Enter, or press ? or * to list all spells.
Aiming: Pain (safe; 1% risk of failure)
Press: ? - help, Shift-Dir - straight line, f/p - jelly
Aim: a jelly (heavily wounded, chance to affect: 88%)
The jelly writhes in agony.
Casting: Pain (safe; 1% risk of failure)
Confirm with . or Enter, or press ? or * to list all spells.
Aiming: Pain (safe; 1% risk of failure)
Press: ? - help, Shift-Dir - straight line, f/p - jelly
Aim: a jelly (almost dead, chance to affect: 88%)
The jelly writhes in agony!
You kill the jelly!
Kikubaaqudgha accepts your kill.
Your Necromancy skill increases to level 8!
Menkaure, Prince of Dust comes into view.
Menkaure is nearby!
Found a stone staircase leading down.
Menkaure calls on the powers of darkness!
Your body is wracked with pain!
Found a scroll of identify.
Menkaure barely misses you.
You barely miss Menkaure. You hit Menkaure.
Menkaure is lightly damaged.
Menkaure hits you!
* * * LOW HITPOINT WARNING * * *
You are too injured to fight recklessly!
You hit Menkaure but do no damage. Menkaure hits you!!
You die...
Kikubaaqudgha rasps: "You have failed me!
Welcome... death!"

#......... #
#.........
##.........
#..........
#..........
##..........
#...........
#..........#
#...@......#
#....M......
#.........#.
#.........##
#........##
#.......>.#
#........##
.##..?..##


You could see Menkaure.

Vanquished Creatures
  3 phantoms
  2 scorpions
  2 orc priests
  2 hounds
  3 jellies
  3 iguanas (D:5)
  10 adders
  3 gnolls (D:3)
  A shadow imp (D:5)
  An ufetubus (D:3)
  4 worms
  2 dart slugs
  9 orcs
  4 ball pythons
  4 bats
  5 endoplasms
  3 giant cockroaches
  7 goblins
  6 hobgoblins
  4 jackals (D:5)
  A quokka (D:2)
  3 frilled lizards
  6 kobolds
  6 rats
94 creatures vanquished.

Vanquished Creatures (others)
  12 plants
  4 toadstools (D:1)
16 creatures vanquished.

Grand Total: 110 creatures vanquished

Notes
Turn   | Place    | Note
-------+----------+-------------------------------------------
     0 | D:1      | zishaf the Human Necromancer began the quest for the Orb.
     0 | D:1      | Reached XP level 1. HP: 13/13 MP: 3/3
   288 | D:1      | Reached XP level 2. HP: 16/20 MP: 0/5
   751 | D:1      | Reached skill level 1 in Fighting
   908 | D:2      | Reached XP level 3. HP: 24/26 MP: 3/6
   916 | D:2      | Learned a level 3 spell: Vampiric Draining
  1195 | D:2      | Found a snail-covered altar of Cheibriados.
  2172 | D:2      | Reached skill level 5 in Necromancy
  2172 | D:2      | Reached XP level 4. HP: 30/32 MP: 4/7
  2287 | D:3      | Found a faded altar of an unknown god.
  2375 | D:3      | Found Ferigga's Weapon Emporium.
  2864 | D:3      | Reached XP level 5. HP: 33/38 MP: 2/8
  3582 | D:4      | Found a staircase to the Ecumenical Temple.
  3595 | D:4      | Reached skill level 6 in Necromancy
  3595 | D:4      | Reached XP level 6. HP: 13/46 MP: 0/9
  3602 | Temple   | Entered the Ecumenical Temple
  3682 | Temple   | Became a worshipper of Kikubaaqudgha
  3919 | D:4      | Learned a level 4 spell: Animate Dead
  4792 | D:4      | Reached XP level 7. HP: 28/52 MP: 10/10
  5056 | D:4      | Found a transporter.
  5059 | D:4      | Noticed Antichthon's ghost (amateur NaWr)
  5060 | D:4      | Identified the +6 great mace of Pohoky {vorpal, rElec}
  5061 | D:4      | Found a transporter.
  5159 | D:5      | Entered Level 5 of the Dungeon
  5460 | D:5      | Reached skill level 7 in Necromancy
  6253 | D:5      | Reached XP level 8. HP: 51/60 MP: 8/12
  6627 | D:5      | Reached skill level 8 in Necromancy
  6655 | D:5      | Noticed Menkaure
  6662 | D:5      | Slain by Menkaure

Illustrated notes

Levels and vault maps discovered:
D:1:      ldierk_walled_garden_2, layout_rooms, serial_corexii_hall,
          chequers_hall_statues_wall_a, corexii_hall_statues_i,
          chequers_hall_statues_wall_a, chequers_hall_statues_y
D:2:      layout_basic, basic_altar, ebering_dispersal_statue_hall
D:3:      layout_basic, shapermc_ecumenical_altar_mp_ritualfount, serial_shops,
          shop
D:4:      layout_basic, minmay_temple_entry_arrows, gammafunk_ghost_smash
D:5:      layout_cave_pods, guppyfry_early_lair_pool, uniq_menkaure
Temple:   dpeg_three_leaves_temple

Skill      XL: |  1  2  3  4  5  6  7  8 |
---------------+-------------------------+-----
Fighting       | 1 2 3 4 |  4.5
Necromancy     | 5 6 7 8 |  8.0
Spellcasting   | 3 |  3.0
Dodging        | |  2.0
Stealth        | |  2.0

Action                   |  1- 3 |  4- 6 |  7- 9 || total
-------------------------+-------+-------+-------++-------
Melee: Dagger            |    20 |     1 |       ||    21
       Short sword       |       |    63 |   120 ||   183
       Punch             |       |     1 |     3 ||     4
 Cast: Pain              |    76 |    73 |    36 ||   185
       Vampiric Draining |       |     5 |     7 ||    12
  Use: Scroll            |       |     6 |     3 ||     9
 Stab: Sleeping          |       |     1 |       ||     1
Armor: Robe              |     4 |     9 |    26 ||    39
Dodge: Dodged            |    15 |    25 |    56 ||    96

Table legend: (Time is in decaauts)
 A = Elapsed time spent in this place.
 B = Non-inter-level travel time spent in this place.
 C = Inter-level travel time spent in this place.
 D = Time resting spent in this place.
 E = Time spent auto-exploring this place.
 F = Levels seen in this place.
 G = Mean time per level.
                   A        B        C        D        E       F      G
               +--------+--------+--------+--------+--------+-----+--------+
         Total |   6615 |   6543 |     72 |   1308 |   4246 |   6 | 1102.5 |
       Dungeon |   6331 |   6259 |     72 |   1039 |   4246 |   5 | 1266.2 |
        Temple |    284 |    284 |      0 |    269 |      0 |   1 |  284.0 |
               +--------+--------+--------+--------+--------+-----+--------+

Top non-repeatable levels by time:
     D:5: 1473 daAuts
     D:3: 1444 daAuts
     D:2: 1353 daAuts
     D:4: 1152 daAuts
     D:1: 906 daAuts
  Temple: 284 daAuts
